 Dungeon Crawl Stone Soup version 0.29-a0-330-g52719c12eb (webtiles) character file.

Game seed: 3565031031139786865

2486 Ajdolov the Archer (level 9, 0/62 (72) HPs)
             Began as a Human Hunter on May 4, 2022.
             Slain by a boulder beetle (62 damage)
             ... on level 6 of the Dungeon.
             The game lasted 00:17:25 (5482 turns).

Ajdolov the Archer (Human Hunter)                   Turns: 5482, Time: 00:17:26

HP:   0/62 (72)     AC:  5    Str: 12    XL:     9   Next: 81%
MP:   9/9           EV: 12    Int:  9    God:
Gold: 231           SH:  0    Dex: 21    Spells: 8/8 levels left

rFire   . . .      SeeInvis .   a - +1 shortbow (venom)
rCold   . . .      Faith    .   (shield currently unavailable)
rNeg    . . .      Spirit   .   h - +1 troll leather armour {Pargi}
rPois   .          Reflect  .   (no helmet)
rElec   .          Harm     .   (no cloak)
rCorr   .          Rampage  .   (no gloves)
Will    .....                   (no boots)
Stlth   ++........              r - amulet of regeneration
HPRegen 1.80/turn               (no ring)
MPRegen 0.11/turn               (no ring)

@: heavily drained
A: no striking features
a: no special abilities


You were on level 6 of the Dungeon.
You visited 1 branch of the dungeon, and saw 6 of its levels.
You also visited: Sewer.

You collected 351 gold pieces.
You spent 120 gold pieces at shops.

Inventory:

Hand Weapons
 a - a +1 shortbow of venom (weapon)
Missiles
 d - 12 poisoned darts
Armour
 h - a +1 troll leather armour (worn) {Pargi}
Jewellery
 l - a ring of ice
 r - an amulet of regeneration (around neck)
Wands
 m - a wand of iceblast (6)
Scrolls
 c - 4 scrolls of immolation
 i - a scroll of fear
 j - 3 scrolls of fog
 n - a scroll of noise {unknown}
 q - a scroll of teleportation
Potions
 b - 2 potions of heal wounds
 e - 7 potions of curing
 f - a potion of mutation {unknown}
 g - a potion of degeneration {unknown}
 o - 2 potions of flight
 p - a potion of lignification {unknown}
 s - a potion of attraction {unknown}
 z - a potion of resistance {unknown}
 A - a potion of ambrosia


   Skills:
 + Level 7.5 Fighting
 * Level 11.0 Bows
 - Level 2.0 Dodging
 - Level 1.0 Stealth


You had 8 spell levels left.
You didn't know any spells.
Your spell library contained the following spells:

 Spells                   Type           Power      Damage    Failure   Level
 Beastly Appendage        Tmut           0%         N/A       45%         1
 Blink                    Tloc           0%         N/A       61%         2
 Wereblood                Tmut           0%         N/A       61%         2
 Call Canine Familiar     Summ           0%         N/A       83%         3
 Lesser Beckoning         Tloc           0%         N/A       83%         3
 Portal Projectile        Hex/Tloc       0%         N/A       83%         3
 Spider Form              Tmut/Pois      0%         N/A       83%         3
 Leda's Liquefaction      Hex/Erth       0%         N/A       99%         4
 Manifold Assault         Tloc           0%         N/A       100%        5


Dungeon Overview and Level Annotations

Branches:
Dungeon (6/15)              Sewer (visited)
 Temple: D:4-7

Altars:
Nemelex Xobeh

Shops:
D:2 !

Annotations:
D:6 Sigmund


Message History

You shoot an arrow. The arrow barely misses the hound.
The hound barely misses you.
You shoot an arrow. The arrow hits the hound!
The hound looks as sick as possible!
The hound is almost dead.
You kill the hound!
No target in view!
You start resting.
HP restored.
You see here a hound corpse.
An iguana comes into view.
You shoot an arrow.
The arrow hits the iguana but does no damage.
The iguana is poisoned.
You shoot an arrow. The arrow barely misses the iguana.
You shoot an arrow. The arrow hits the iguana.
The iguana looks as sick as possible!
The iguana is heavily wounded.
The boulder beetle curls into a ball and begins rolling!
You shoot an arrow.
The arrow hits the iguana but does no damage.
The iguana is heavily wounded.
The boulder beetle stops rolling and uncurls.
You kill the iguana!
The boulder beetle curls into a ball and begins rolling!
You shoot an arrow.
The arrow hits the boulder beetle but does no damage.
The boulder beetle is poisoned.
You shoot an arrow. The arrow hits the boulder beetle.
The boulder beetle looks as sick as possible!
The boulder beetle is lightly wounded.
You shoot an arrow.
The arrow hits the boulder beetle but does no damage.
The boulder beetle looks as sick as possible!
The boulder beetle is lightly wounded.
You shoot an arrow. The arrow hits the boulder beetle!
The boulder beetle is moderately wounded.
The boulder beetle hits you!!!
Ouch! That really hurt!
You die...

°.##############
....°°°°B@.....#
##############.# #..†<#
#.### ########.#######
#.#.#
.......#.......######...#
.......#.......#....###.#
.).....#.......#.##.###.#
..h....#)......#.##.....#
......B#.......#.########


You could see a boulder beetle (rolling, extremely poisoned).

Vanquished Creatures
  6 yaks (D:5)
  A water moccasin (D:5)
  Pargi (Sewer)
  An ice beast (D:5)
  A black bear (D:4)
  2 ogres
  A necrophage (D:5)
  2 scorpions (D:5)
  A wight (D:4)
  A howler monkey (D:6)
  4 hounds
  3 orc priests (D:4)
  4 jellies (D:5)
  A gnoll shaman (D:4)
  4 iguanas
  4 orc wizards (D:5)
  3 gnolls (D:4)
  9 adders
  A river rat (D:4)
  2 ufetubi
  A worm (D:2)
  5 dart slugs
  10 orcs
  8 ball pythons
  10 endoplasms
  2 giant cockroaches
  13 goblins
  13 hobgoblins
  4 jackals
  7 kobolds
  2 quokkas (D:4)
  4 bats
  7 frilled lizards
  7 rats
145 creatures vanquished.

Notes
Turn   | Place    | Note
-------+----------+-------------------------------------------
     0 | D:1      | Ajdolov the Human Hunter began the quest for the Orb.
     0 | D:1      | Reached XP level 1. HP: 16/16 MP: 1/1
   188 | D:1      | Reached XP level 2. HP: 22/22 MP: 2/2
   543 | D:1      | Reached XP level 3. HP: 20/28 MP: 3/3
  1063 | D:2      | Found Lyjeca's Distillery.
  1072 | D:2      | Bought a potion of heal wounds for 60 gold pieces
  1229 | D:2      | Found a faded altar of an unknown god.
  1435 | D:2      | Reached XP level 4. HP: 17/34 MP: 4/4
  1652 | D:2      | Reached skill level 5 in Bows
  2025 | D:2      | Bought a potion of heal wounds for 60 gold pieces
  2474 | D:4      | Found a sparkling altar of Nemelex Xobeh.
  2501 | D:4      | Reached XP level 5. HP: 33/41 MP: 5/5
  2669 | D:4      | Noticed a black bear
  2873 | D:4      | Found a glowing drain.
  2879 | Sewer    | Entered a sewer
  2897 | Sewer    | Noticed Pargi
  2939 | Sewer    | Killed Pargi
  2940 | Sewer    | Reached skill level 6 in Bows
  2940 | Sewer    | Reached XP level 6. HP: 25/48 MP: 6/6
  3231 | D:4      | Reached XP level 7. HP: 54/54 MP: 7/7
  3353 | D:4      | Reached skill level 7 in Bows
  3852 | D:5      | Entered Level 5 of the Dungeon
  3965 | D:5      | Reached skill level 5 in Fighting
  4055 | D:5      | Reached XP level 8. HP: 62/62 MP: 8/8
  4116 | D:5      | Reached skill level 8 in Bows
  4193 | D:5      | Noticed a yak
  4193 | D:5      | Noticed a yak
  4193 | D:5      | Noticed a yak
  4193 | D:5      | Noticed a yak
  4193 | D:5      | Noticed a yak
  4193 | D:5      | Noticed a yak
  4238 | D:5      | Killed a yak
  4266 | D:6      | Noticed a hornet
  4288 | D:6      | Noticed a boulder beetle
  4585 | D:5      | Reached skill level 9 in Bows
  4609 | D:5      | Killed a yak
  4610 | D:5      | Reached XP level 9. HP: 55/69 MP: 9/9
  4655 | D:5      | Reached skill level 10 in Bows
  5166 | D:6      | Noticed Sigmund
  5333 | D:5      | Reached skill level 11 in Bows
  5374 | D:6      | HP: 3/61 [poisoned by a hornet]
  5482 | D:6      | Slain by a boulder beetle

Illustrated notes

Levels and vault maps discovered:
D:1:      dpeg_arrival_leaves_temple_mockup, layout_basic
D:2:      minmay_diamond_boxcup, layout_rooms, chequers_ecumenical_altar_island,
          serial_shops, nicolae_diamond_shop
D:3:      layout_basic
D:4:      cheibrodos_greedy_goblins, layout_loops_ring,
          nemelex_diamond_rough_becter, portal_sewer_entry_e
D:5:      layout_cave_pods, lemuel_flame_loot_1
D:6:      hangedman_cross_stitches, layout_basic, minmay_temple_entry_ruins,
          nicolae_ossuary_entry_catacombs, nzn_random_ring, uniq_sigmund

Skill      XL: |  1  2  3  4  5  6  7  8  9 |
---------------+----------------------------+-----
Bows           | 5 6 7 9 11 | 11.0
Fighting       | 3 4 5 6 7 |  7.5
Dodging        | |  2.0
Stealth        | |  1.0

Action                   |  1- 3 |  4- 6 |  7- 9 || total
-------------------------+-------+-------+-------++-------
 Fire: Shortbow          |    80 |   188 |   254 ||   522
Throw: Dart              |       |     1 |       ||     1
  Use: Potion            |     1 |     4 |     2 ||     7
       Scroll            |       |       |    16 ||    16
Armor: Leather armour    |    14 |    41 |       ||    55
       Troll leather arm |       |     2 |    38 ||    40
Dodge: Dodged            |    26 |   111 |    99 ||   236

Table legend: (Time is in decaauts)
 A = Elapsed time spent in this place.
 B = Non-inter-level travel time spent in this place.
 C = Inter-level travel time spent in this place.
 D = Time resting spent in this place.
 E = Time spent auto-exploring this place.
 F = Levels seen in this place.
 G = Mean time per level.
                   A        B        C        D        E       F      G
               +--------+--------+--------+--------+--------+-----+--------+
         Total |   5640 |   5260 |    380 |    549 |   2879 |   7 |  805.7 |
       Dungeon |   5391 |   5011 |    380 |    549 |   2770 |   6 |  898.5 |
         Sewer |    248 |    248 |      0 |      0 |    109 |   1 |  248.0 |
               +--------+--------+--------+--------+--------+-----+--------+

Top non-repeatable levels by time:
     D:5: 1466 daAuts
     D:4: 1232 daAuts
     D:2: 1048 daAuts
     D:1: 1031 daAuts
     D:3: 498 daAuts
   Sewer: 248 daAuts
     D:6: 114 daAuts
